 Dungeon Sprint DCSS version 0.27.1-34-g3ba077fa99 (webtiles) character file.

Game seed: 2485854326146930264

1220 boopmooplesden the Fighter (level 8, -34/74 HPs)
             Began as a Minotaur Fighter on Jan 18, 2022.
             Annihilated by a boulder beetle (56 damage)
             ... in the Dungeon (Sprint II: "The Violet Keep of Menkaure").
             The game lasted 00:02:46 (813 turns).

boopmooplesden the Fighter (Minotaur Fighter)        Turns: 813, Time: 00:02:47

Health: -34/74     AC: 12    Str: 19    XL:     8   Next: 23%
Magic:  7/7        EV:  9    Int:  6    God:
Gold:   522        SH: 12    Dex: 10    Spells: 7/7 levels left

rFire    . . .     SeeInvis +   a - +0 war axe
rCold    . . .     Faith    .   c - +0 kite shield
rNeg     . . .     Spirit   .   d - +3 scale mail "Totaston" {rElec Str-3 SInv Stlth+}
rPois    .         Reflect  .   (helmet restricted)
rElec    +         Harm     .   (no cloak)
rCorr    .         Rampage  .   (no gloves)
Will     .....     NoTele   +   (no boots)
Stlth    +.........             (no amulet)
HPRegen  0.22/turn              (no ring)
MPRegen  0.10/turn              (no ring)

@: on berserk cooldown, slowed, very slow
A: horns 2, retaliatory headbutt, frail 1, screaming 1, no potion heal 1
a: no special abilities


You were in the Dungeon.
You visited 1 branch You collected 729 gold pieces.
You spent 207 gold pieces at shops.

Inventory:

Hand Weapons
 a - a +0 war axe (weapon)
Armour
 b - a +0 scale mail
 c - a +0 kite shield (worn)
 d - the +3 scale mail "Totaston" (worn) {rElec Str-3 SInv Stlth+}
   (You bought it in a shop in the Dungeon)

   Str:       It affects your strength (-3).
   rElec:     It insulates you from electricity.
   SInv:      It lets you see invisible.
   Stlth:     It makes you more stealthy.
Scrolls
 j - a scroll of blinking
Potions
 f - a potion of heal wounds
 g - a potion of haste
 h - 2 potions of magic


   Skills:
 + Level 11.7 Fighting
 + Level 9.9 Axes
 + Level 11.6 Armour
 + Level 2.0 Dodging
 + Level 11.5 Shields


You had 7 spell levels left.
You didn't know any spells.
Your spell library was empty.

Dungeon Overview and Level Annotations

Branches:
Dungeon (1/1)

Altars:

Shops:
D =::!=?![(!*[?=[

Annotations:
D exclusion: oklob plant


Innate Abilities, Weirdness & Mutations

You have a pair of horns on your head.
You reflexively headbutt those who attack you in melee.
You are frail. (-10% HP)
You occasionally shout uncontrollably at your foes.
Potions are less effective at restoring your health.


Message History

You hit the boulder beetle but do no damage.
You headbutt the boulder beetle, but do no damage.
You hit the boulder beetle but do no damage.
The boulder beetle bites you!! The boulder beetle bites you!
You slash the boulder beetle! You headbutt the boulder beetle!
The boulder beetle is moderately wounded.
Your shield and scale mail "Totaston" prevent you from hitting the boulder beetle.
The boulder beetle bites you but does no damage.
You hit the boulder beetle but do no damage.
You headbutt the boulder beetle!
The boulder beetle is heavily wounded.
You hit the boulder beetle but do no damage.
The boulder beetle waves its antennae.
The boulder beetle bites you!
* * * LOW HITPOINT WARNING * * *
The boulder beetle bites you but does no damage.
Your shield prevents you from hitting the boulder beetle.
The boulder beetle is heavily wounded.
You slash the boulder beetle! You block the boulder beetle's attack.
You hit the boulder beetle.
The boulder beetle is heavily wounded.
You hit the boulder beetle.
The boulder beetle leaps!
You block the boulder beetle's attack.
You completely miss the boulder beetle.
You headbutt the boulder beetle, but do no damage.
The boulder beetle is heavily wounded.
The boulder beetle curls into a ball and begins rolling!
You slash the boulder beetle! You headbutt the boulder beetle.
The boulder beetle is severely wounded.
The boulder beetle leaps!
The boulder beetle curls into a ball and begins rolling!
You feel a strong urge to attack something.
You are no longer berserk.
You are exhausted.
You feel yourself slow down.
You hit the boulder beetle.
The boulder beetle is moderately wounded.
The boulder beetle hits you!!!
Ouch! That really hurt!
You die...

≈## #####≈≈#+++ ####≈≈≈...
..∩#≈≈≈≈.## ## .∩.#≈≈≈≈##.
.## ### ∩.∩#≈≈≈≈#..#..#
..# .∩.#≈≈### #.# ###..##
...#≈##.###'###.##..#
...#≈#...##.##..@#○.#
...'≈'.#.'.<.+###B.°###
...#≈#.).##.##..$#..°.###^
▓###≈##.###'###.##§§....≈≈
####≈≈######.####≈≈.B§§§≈#
##≈≈≈#..##.#≈≈≈§≈§○..≈# Y
#†#≈##...##≈≈≈≈≈§§°°≈# #
#(#≈≈##+##≈§≈≈§≈≈§≈≈≈#
####≈≈≈≈≈≈≈≈≈≈§§§≈§≈≈#


You could see 2 boulder beetles.

Vanquished Creatures
  A merfolk siren (D)
  4 neqoxecs (D)
  Menkaure (D)
  4 scorpions (D)
  A hell rat (D)
11 creatures vanquished.

Vanquished Creatures (others)
  A water moccasin (D)
1 creature vanquished.

Grand Total: 12 creatures vanquished

Notes
Turn   | Place    | Note
-------+----------+-------------------------------------------
     0 | D        | boopmooplesden the Minotaur Fighter began the quest for the
                  | Orb.
     0 | D        | Reached XP level 1. HP: 19/19 MP: 0/0
     1 | D        | Noticed a boulder beetle
     1 | D        | Noticed a boulder beetle
     4 | D        | Noticed a scorpion
     4 | D        | Noticed a scorpion
     9 | D        | Killed a scorpion
    10 | D        | Reached XP level 2. HP: 16/30 MP: 1/1
    10 | D        | Reached XP level 3. HP: 20/37 MP: 2/2
    12 | D        | Killed a scorpion
    13 | D        | Reached XP level 4. HP: 27/47 MP: 3/3
    14 | D        | Noticed a scorpion
    14 | D        | Noticed a scorpion
    16 | D        | Killed a scorpion
    17 | D        | Reached XP level 5. HP: 23/53 MP: 4/4
    20 | D        | Reached skill level 5 in Axes
    78 | D        | Killed a water moccasin
   268 | D        | Noticed a neqoxec
   269 | D        | Gained mutation: Potions are less effective at restoring
                  | your health. [a neqoxec]
   274 | D        | Noticed a neqoxec
   276 | D        | Killed a neqoxec
   276 | D        | Noticed a neqoxec
   277 | D        | Reached XP level 6. HP: 63/66 MP: 5/5
   284 | D        | Killed a neqoxec
   285 | D        | Reached skill level 10 in Fighting
   285 | D        | Reached skill level 10 in Armour
   285 | D        | Reached skill level 10 in Shields
   287 | D        | Gained mutation: You occasionally shout uncontrollably at
                  | your foes. [a neqoxec]
   302 | D        | Killed a neqoxec
   303 | D        | Reached XP level 7. HP: 44/73 MP: 6/6
   304 | D        | Noticed a neqoxec
   309 | D        | Gained mutation: You are frail. (-10% HP) [a neqoxec]
   310 | D        | Killed a neqoxec
   311 | D        | Reached skill level 1 in Dodging
   428 | D        | Noticed a merfolk siren
   442 | D        | Killed a merfolk siren
   443 | D        | Reached XP level 8. HP: 64/73 MP: 7/7
   448 | D        | Found Uhaffil's Distillery.
   448 | D        | Found Ikit's Armour Shoppe.
   448 | D        | Found Rongega's Magic Scroll Emporium.
   448 | D        | Found Ropirch's Antique Weapon Shoppe.
   448 | D        | Found Kyklayj's Antique Armour Emporium.
   448 | D        | Found Rozuit's General Store.
   448 | D        | Found Lohiom's Antique Armour Shoppe.
   448 | D        | Found Qasu's Jewellery Shoppe.
   449 | D        | Found Pallij's Distillery.
   449 | D        | Found Aqanlul's Magic Scroll Emporium.
   449 | D        | Noticed Menkaure
   462 | D        | Killed Menkaure
   480 | D        | Found Fukiff's Jewellery Emporium.
   480 | D        | Found Rutwios's Distillery.
   480 | D        | Noticed a fire dragon
   480 | D        | Noticed an oklob plant
   481 | D        | Found Esinwok's Book Shoppe.
   481 | D        | Found Vaguil's Jewellery Emporium.
   481 | D        | Found Gosy's Book Shoppe.
   481 | D        | Noticed an ice dragon
   485 | D        | Bought a brightly glowing scale mail for 207 gold pieces
   485 | D        | Identified the +3 scale mail "Totaston" {rElec Str-3 SInv
                  | Stlth+} (You bought it in a shop in the Dungeon)
   813 | D        | Annihilated by a boulder beetle

Illustrated notes

Levels and vault maps discovered:
D:        the_violet_keep_of_menkaure [sprint2_stairs_cluster_1,
          sprint2_shoproom, sprint2_temple, sprint2_basic_supplies,
          sprint2_obstacle_7, sprint2_obstacle_6, sprint2_obstacle_1,
          sprint2_obstacle_2, sprint2_obstacle_3, sprint2_timed_cluster_1,
          sprint2_smallroom_cluster_1, sprint2_smallroom_final_cluster_1,
          sprint2_transparent_cluster_1, sprint2_second_timed_cluster_1,
          sprint2_sniper_area_1, sprint2_heavy_combat_area_1,
          sprint2_mutation_trap_area_1, sprint2_forest_area_1,
          sprint2_light_combat_area_1, sprint2_behind_water_1,
          sprint2_near_end_vault_1]

Skill      XL: |  1  2  3  4  5  6  7  8 |
---------------+-------------------------+-----
Fighting       | 6 7 8 9 10 11 | 11.7
Axes           | 3 4 6 7 9 |  9.9
Armour         | 6 7 9 10 11 | 11.6
Shields        | 6 7 8 9 10 11 | 11.5
Dodging        | 1 2 |  2.0

Action                   |  1- 3 |  4- 6 |  7- 9 || total
-------------------------+-------+-------+-------++-------
Melee: War axe           |     7 |    37 |    34 ||    78
       Headbutt          |     2 |     5 |     8 ||    15
  Use: Potion            |     1 |     1 |     1 ||     3
Armor: Scale mail        |     3 |     3 |     2 ||     8
Dodge: Dodged            |     1 |     7 |     6 ||    14
Block: Kite shield       |     8 |    13 |     7 ||    28
